[ AOE2 MATCH · #461918516 ]
Team RMVietnamese vs Mongols
[ REPLAY ANALYSIS · EXTRACTED FROM THE RECORDED GAME ]
Feudal
10:06
Castle
—
Imperial
—
| APM avg | 38.9 |
| APM peak | 54 |
| eAPM avg | 14.0 |
| Villagers / military | 33 / 21 |
Focus
⚔️ 29.2% · 🌾 70.8%
Archer ×16 · Militia ×3 · Spearman ×2
Feudal
8:00
Castle
20:27
Imperial
—
| APM avg | 58.5 |
| APM peak | 95 |
| eAPM avg | 17.9 |
| Villagers / military | 41 / 11 |
Focus
⚔️ 19.4% · 🌾 80.6%
Scout Cavalry ×8 · Steppe Lancer ×3
Feudal
14:08
Castle
—
Imperial
—
| APM avg | 28.7 |
| APM peak | 55 |
| eAPM avg | 15.0 |
| Villagers / military | 41 / 0 |
Focus
⚔️ 25.4% · 🌾 74.6%
Unknown (2550) ×13
Feudal
9:40
Castle
—
Imperial
—
| APM avg | 39.3 |
| APM peak | 72 |
| eAPM avg | 14.3 |
| Villagers / military | 43 / 31 |
Focus
⚔️ 28.9% · 🌾 71.1%
Archer ×28 · Spearman ×3
Feudal
9:34
Castle
—
Imperial
—
| APM avg | 45.8 |
| APM peak | 82 |
| eAPM avg | 15.7 |
| Villagers / military | 40 / 33 |
Focus
⚔️ 35.7% · 🌾 64.3%
Archer ×27 · Skirmisher ×4 · Spearman ×2
Feudal
9:37
Castle
—
Imperial
—
| APM avg | 37.9 |
| APM peak | 68 |
| eAPM avg | 13.3 |
| Villagers / military | 36 / 25 |
Focus
⚔️ 25.1% · 🌾 74.9%
Scout Cavalry ×14 · Skirmisher ×11
Match map
Initial resources + every placement click. Lines = walls · curves = elevation contours. ◆ gold · ⬟ stone · ● berries · ✦ relic · ◌ wall gap
Your base· Open — unwalled flank
Makina's base· Open — unwalled flank
nanoushka's base· Open — unwalled flank
Don Patata Reloaded's base· Open — unwalled flank
TartineMiamMiam's base· Open — unwalled flank
pela-mela's base· Open — unwalled flank
Smoothed initial terrain · ◌ = detected wall gap · hover for details
Inputs per minute
— Confiturier - - Makina
Build order — Confiturier
81 actions detected in the replay
| 0:00 | Create | Villager (Male) |
| 0:00 | Create | Villager (Male) |
| 0:01 | Create | Villager (Male) |
| 0:02 | Build | House |
| 0:03 | Build | House |
| 0:24 | Create | Villager (Male) |
| 1:22 | Create | Villager (Male) |
| 1:46 | Build | Lumber Camp |
| 1:54 | Create | Villager (Male) |
| 2:23 | Create | Villager (Male) |
| 2:49 | Create | Villager (Male) |
| 3:05 | Create | Villager (Male) |
| 3:38 | Build | House |
| 3:44 | Create | Villager (Male) |
| 4:05 | Create | Villager (Male) |
| 4:23 | Build | Mill |
| 4:34 | Create | Villager (Male) |
| 4:46 | Create | Villager (Male) |
| 5:13 | Research | Loom |
| 5:35 | Build | House |
| 6:04 | Create | Villager (Male) |
| 6:05 | Create | Villager (Male) |
| 6:23 | Create | Villager (Male) |
| 6:50 | Build | Barracks |
| 6:57 | Create | Villager (Male) |
| 7:46 | Create | Villager (Male) |
| 7:56 | Research | Feudal Age |
| 8:11 | Create | Militia |
| 8:32 | Build | Mining Camp |
| 8:38 | Create | Militia |
| 8:42 | Build | House |
| 8:50 | Create | Militia |
| 9:25 | Create | Villager (Male) |
| 10:06 | Age | Feudal Age |
| 10:14 | Create | Villager (Male) |
| 10:19 | Build | Archery Range |
| 10:21 | Create | Spearman |
| 10:31 | Research | Double-Bit Axe |
| 10:55 | Create | Villager (Male) |
| 11:09 | Create | Archer |
| 11:13 | Build | Archery Range |
| 11:22 | Create | Spearman |
| 11:37 | Build | House |
| 11:40 | Build | Palisade Wall |
| 11:44 | Build | House |
| 11:59 | Create | Villager (Male) |
| 12:21 | Create | Archer ×2 |
| 12:42 | Build | Farm |
| 12:47 | Build | Mill |
| 13:25 | Build | Farm |
| 13:31 | Build | Farm |
| 14:00 | Create | Villager (Male) |
| 14:24 | Build | Watch Tower |
| 14:58 | Create | Archer |
| 14:59 | Create | Villager (Male) |
| 15:31 | Build | Farm |
| 15:34 | Build | Farm |
| 15:57 | Create | Villager (Male) |
| 16:03 | Create | Archer ×2 |
| 16:10 | Build | Farm |
| 16:24 | Create | Archer |
| 16:33 | Create | Villager (Male) |
| 16:51 | Create | Archer |
| 17:02 | Create | Villager (Male) |
| 17:18 | Build | Farm |
| 17:20 | Build | Farm |
| 17:22 | Create | Archer |
| 17:30 | Create | Villager (Male) |
| 17:46 | Create | Archer |
| 18:04 | Create | Villager (Male) |
| 18:05 | Create | Archer |
| 18:14 | Build | Blacksmith |
| 18:31 | Create | Villager (Male) |
| 18:40 | Create | Archer |
| 18:50 | Create | Archer |
| 19:26 | Research | Fletching |
| 19:27 | Create | Archer |
| 19:42 | Create | Archer ×2 |
| 20:04 | Create | Villager (Male) |
| 20:06 | Create | Villager (Male) |
| 20:26 | Create | Villager (Male) |
Build order — Makina
109 actions detected in the replay
| 0:00 | Create | Villager (Male) |
| 0:00 | Create | Villager (Male) |
| 0:01 | Create | Villager (Male) |
| 0:01 | Create | Villager (Male) |
| 0:02 | Build | House |
| 0:03 | Build | House |
| 1:25 | Create | Villager (Male) |
| 1:49 | Create | Villager (Male) |
| 1:58 | Build | Lumber Camp |
| 2:23 | Create | Villager (Male) |
| 2:23 | Create | Villager (Male) |
| 2:51 | Create | Villager (Male) |
| 2:51 | Create | Villager (Male) |
| 3:06 | Create | Villager (Male) |
| 3:25 | Create | Villager (Male) |
| 3:51 | Build | House |
| 4:00 | Create | Villager (Male) |
| 4:00 | Create | Villager (Male) |
| 4:27 | Create | Villager (Male) |
| 4:32 | Build | Mill |
| 4:35 | Create | Villager (Male) |
| 5:43 | Research | Loom |
| 5:45 | Research | Feudal Age |
| 5:47 | Research | Loom |
| 7:05 | Build | Barracks |
| 8:00 | Age | Feudal Age |
| 8:02 | Build | Stable |
| 8:03 | Research | Double-Bit Axe |
| 8:03 | Research | Double-Bit Axe |
| 8:04 | Create | Villager (Male) |
| 8:38 | Create | Villager (Male) |
| 8:45 | Build | House |
| 8:48 | Create | Scout Cavalry |
| 8:48 | Create | Scout Cavalry |
| 9:12 | Build | House |
| 9:14 | Create | Villager (Male) |
| 9:22 | Research | Horse Collar |
| 9:22 | Research | Horse Collar |
| 9:23 | Create | Scout Cavalry |
| 9:35 | Build | House |
| 9:37 | Build | Palisade Wall |
| 9:59 | Create | Villager (Male) |
| 10:09 | Create | Villager (Male) |
| 10:17 | Create | Villager (Male) |
| 10:20 | Create | Villager (Male) |
| 10:25 | Build | Mill |
| 10:33 | Create | Villager (Male) |
| 10:39 | Build | Farm |
| 10:40 | Build | Farm |
| 10:53 | Create | Scout Cavalry |
| 11:26 | Create | Villager (Male) |
| 11:35 | Create | Scout Cavalry |
| 11:56 | Create | Villager (Male) |
| 11:59 | Build | Farm |
| 12:01 | Build | Farm |
| 12:16 | Create | Villager (Male) |
| 12:38 | Build | Farm |
| 12:45 | Create | Villager (Male) |
| 12:47 | Build | Farm |
| 12:58 | Create | Villager (Male) |
| 13:12 | Create | Villager (Male) |
| 13:15 | Build | Farm |
| 13:17 | Build | Farm |
| 13:20 | Build | Farm |
| 13:21 | Create | Villager (Male) |
| 13:27 | Build | House |
| 13:29 | Create | Scout Cavalry |
| 13:33 | Build | Farm |
| 13:49 | Create | Villager (Male) |
| 13:52 | Create | Villager (Male) |
| 14:02 | Build | Farm |
| 14:03 | Create | Villager (Male) |
| 14:04 | Build | Farm |
| 14:06 | Create | Villager (Male) |
| 14:34 | Create | Villager (Male) |
| 14:43 | Build | Farm |
| 14:45 | Build | Mining Camp |
| 14:53 | Create | Villager (Male) |
| 15:14 | Create | Scout Cavalry |
| 16:17 | Create | Villager (Male) |
| 16:23 | Create | Villager (Male) |
| 16:35 | Build | Farm |
| 16:37 | Build | Farm |
| 16:43 | Create | Scout Cavalry |
| 16:51 | Build | Blacksmith |
| 17:10 | Build | Farm |
| 17:12 | Build | Farm |
| 17:37 | Build | House |
| 17:38 | Research | Wheelbarrow |
| 17:38 | Research | Wheelbarrow |
| 17:47 | Research | Castle Age |
| 17:55 | Build | House |
| 18:20 | Research | Scale Barding Armor |
| 18:20 | Research | Scale Barding Armor |
| 18:32 | Build | Lumber Camp |
| 18:35 | Create | Villager (Male) |
| 19:10 | Research | Wheelbarrow |
| 19:20 | Research | Forging |
| 19:40 | Create | Villager (Male) |
| 19:41 | Build | House |
| 19:45 | Build | Stable |
| 20:11 | Research | Bloodlines |
| 20:26 | Build | House |
| 20:27 | Age | Castle Age |
| 20:28 | Research | Iron Casting |
| 20:31 | Create | Steppe Lancer |
| 20:40 | Create | Steppe Lancer |
| 20:40 | Create | Steppe Lancer |
| 20:51 | Build | Stable |
Build order — nanoushka
79 actions detected in the replay
| 0:00 | Create | Villager (Male) |
| 0:01 | Create | Villager (Male) |
| 0:01 | Create | Villager (Male) |
| 0:03 | Build | House |
| 0:05 | Build | House |
| 0:32 | Create | Villager (Male) |
| 1:36 | Create | Villager (Male) |
| 1:37 | Create | Villager (Male) |
| 1:47 | Build | Settlement |
| 2:06 | Create | Villager (Male) |
| 2:21 | Create | Villager (Male) |
| 2:54 | Create | Villager (Male) |
| 3:04 | Build | Palisade Wall |
| 3:39 | Create | Villager (Male) |
| 4:05 | Create | Villager (Male) |
| 4:25 | Create | Villager (Male) |
| 5:07 | Create | Villager (Male) |
| 5:24 | Create | Villager (Male) |
| 5:48 | Build | House |
| 5:55 | Build | Barracks |
| 6:00 | Create | Villager (Male) |
| 6:19 | Create | Villager (Male) |
| 6:22 | Research | Loom |
| 7:02 | Create | Villager (Male) |
| 7:03 | Create | Villager (Male) |
| 7:34 | Create | Villager (Male) |
| 7:41 | Create | Villager (Male) |
| 7:42 | Create | Villager (Male) |
| 8:09 | Create | Unit 2550 |
| 8:09 | Create | Unit 2550 |
| 8:26 | Build | Settlement |
| 8:37 | Create | Villager (Male) |
| 8:37 | Create | Villager (Male) |
| 8:55 | Create | Unit 2550 |
| 9:19 | Build | House |
| 9:32 | Create | Villager (Male) |
| 9:32 | Create | Villager (Male) |
| 9:59 | Create | Unit 2550 |
| 10:58 | Create | Villager (Male) |
| 11:59 | Research | Feudal Age |
| 12:22 | Build | Barracks |
| 12:27 | Build | House |
| 12:28 | Build | House |
| 12:56 | Build | Farm |
| 12:56 | Build | Farm |
| 12:56 | Build | Farm |
| 13:00 | Create | Villager (Male) |
| 13:00 | Create | Villager (Male) |
| 13:25 | Build | Palisade Wall |
| 13:29 | Build | Palisade Wall |
| 13:32 | Build | Palisade Wall |
| 14:08 | Age | Feudal Age |
| 14:10 | Create | Villager (Male) |
| 14:19 | Build | Blacksmith |
| 14:42 | Research | Double-Bit Axe |
| 14:44 | Research | Horse Collar |
| 14:55 | Research | Tech 1402 |
| 15:37 | Create | Villager (Male) |
| 15:37 | Create | Villager (Male) |
| 16:40 | Build | Farm |
| 16:41 | Build | Farm |
| 16:44 | Build | Farm |
| 16:46 | Build | Farm |
| 16:51 | Build | Farm |
| 16:54 | Build | Farm |
| 17:04 | Create | Unit 2550 ×5 |
| 17:11 | Research | Scale Mail Armor |
| 17:36 | Build | Farm |
| 17:37 | Build | Farm |
| 17:37 | Build | Farm |
| 17:37 | Build | Farm |
| 17:38 | Build | Farm |
| 18:38 | Build | Farm |
| 19:05 | Create | Villager (Male) ×5 |
| 19:21 | Create | Unit 2550 ×4 |
| 19:43 | Build | Farm |
| 19:46 | Build | Farm |
| 20:01 | Build | Farm |
| 20:49 | Create | Villager (Male) ×5 |
Build order — Don Patata Reloaded
115 actions detected in the replay
| 0:00 | Create | Villager (Male) |
| 0:01 | Create | Villager (Male) |
| 0:01 | Create | Villager (Male) |
| 0:01 | Create | Villager (Male) |
| 0:03 | Build | House |
| 0:05 | Build | House |
| 1:46 | Create | Villager (Male) |
| 1:56 | Build | Lumber Camp |
| 2:09 | Create | Villager (Male) |
| 2:35 | Create | Villager (Male) |
| 3:04 | Create | Villager (Male) |
| 3:37 | Create | Villager (Male) |
| 3:37 | Create | Villager (Male) |
| 3:58 | Create | Villager (Male) |
| 4:08 | Build | House |
| 4:13 | Build | House |
| 4:15 | Create | Villager (Male) |
| 4:29 | Build | Mill |
| 4:58 | Create | Villager (Male) |
| 5:08 | Create | Villager (Male) |
| 6:02 | Create | Villager (Male) |
| 6:16 | Create | Villager (Male) |
| 6:48 | Create | Villager (Male) |
| 7:15 | Research | Loom |
| 7:30 | Research | Feudal Age |
| 7:31 | Research | Loom |
| 8:16 | Build | Barracks |
| 8:28 | Build | House |
| 8:32 | Create | Villager (Male) |
| 8:42 | Create | Villager (Male) |
| 8:54 | Build | Mining Camp |
| 9:40 | Age | Feudal Age |
| 9:53 | Build | Archery Range |
| 10:00 | Build | Palisade Gate |
| 10:07 | Create | Villager (Male) |
| 10:25 | Build | Archery Range |
| 10:29 | Create | Spearman |
| 10:42 | Create | Villager (Male) |
| 10:44 | Research | Double-Bit Axe |
| 10:52 | Create | Archer |
| 11:16 | Create | Spearman |
| 11:21 | Create | Villager (Male) |
| 11:35 | Create | Archer |
| 11:40 | Build | Blacksmith |
| 11:45 | Create | Archer |
| 11:53 | Build | House |
| 12:03 | Build | House |
| 12:06 | Create | Villager (Male) |
| 12:21 | Create | Archer |
| 12:44 | Build | Farm |
| 12:44 | Create | Villager (Male) |
| 12:47 | Build | Farm |
| 12:49 | Create | Villager (Male) |
| 12:56 | Research | Horse Collar |
| 12:57 | Create | Archer |
| 12:58 | Create | Archer |
| 13:09 | Research | Fletching |
| 13:15 | Create | Villager (Male) |
| 13:35 | Build | Mill |
| 13:39 | Create | Spearman |
| 13:45 | Create | Archer |
| 14:15 | Create | Archer |
| 14:15 | Create | Archer |
| 14:50 | Create | Villager (Male) |
| 14:50 | Create | Villager (Male) |
| 14:51 | Create | Archer |
| 14:52 | Create | Archer |
| 15:20 | Create | Villager (Male) |
| 15:20 | Create | Villager (Male) |
| 15:21 | Create | Archer |
| 15:21 | Create | Archer |
| 15:31 | Build | Farm |
| 15:31 | Build | Farm |
| 15:35 | Build | Farm |
| 15:35 | Build | Farm |
| 16:00 | Create | Archer |
| 16:00 | Create | Archer |
| 16:01 | Create | Archer |
| 16:39 | Create | Villager (Male) |
| 16:40 | Create | Villager (Male) |
| 16:40 | Create | Villager (Male) |
| 16:48 | Create | Archer |
| 16:48 | Create | Archer |
| 16:56 | Build | House |
| 16:57 | Build | House |
| 16:58 | Build | House |
| 17:29 | Create | Archer |
| 17:30 | Create | Archer |
| 17:35 | Build | Farm |
| 17:36 | Build | Farm |
| 17:37 | Create | Villager (Male) |
| 18:24 | Create | Villager (Male) |
| 18:25 | Create | Villager (Male) |
| 18:38 | Create | Villager (Male) |
| 18:39 | Create | Villager (Male) |
| 18:40 | Create | Archer |
| 18:40 | Create | Archer |
| 18:43 | Build | Farm |
| 18:44 | Build | Farm |
| 18:48 | Build | Farm |
| 18:48 | Build | Farm |
| 19:52 | Create | Villager (Male) |
| 19:52 | Create | Villager (Male) |
| 19:53 | Create | Archer |
| 19:53 | Create | Archer |
| 19:54 | Create | Archer |
| 20:24 | Create | Villager (Male) |
| 20:24 | Create | Villager (Male) |
| 20:25 | Create | Archer |
| 20:26 | Create | Archer |
| 20:26 | Create | Archer |
| 20:37 | Create | Villager (Male) |
| 20:41 | Build | Farm |
| 20:42 | Build | Farm |
| 21:11 | Research | Castle Age |
Build order — TartineMiamMiam
111 actions detected in the replay
| 0:01 | Create | Villager (Male) |
| 0:02 | Create | Villager (Male) |
| 0:02 | Create | Villager (Male) |
| 0:02 | Create | Villager (Male) |
| 0:04 | Build | House |
| 0:05 | Build | House |
| 1:30 | Create | Villager (Male) |
| 2:02 | Create | Villager (Male) |
| 2:09 | Build | Lumber Camp |
| 2:31 | Create | Villager (Male) |
| 2:31 | Create | Villager (Male) |
| 3:02 | Create | Villager (Male) |
| 3:30 | Create | Villager (Male) |
| 3:36 | Build | House |
| 3:59 | Create | Villager (Male) |
| 3:59 | Create | Villager (Male) |
| 4:35 | Create | Villager (Male) |
| 5:06 | Build | Mining Camp |
| 5:21 | Create | Villager (Male) |
| 5:22 | Create | Villager (Male) |
| 5:22 | Create | Villager (Male) |
| 5:58 | Create | Villager (Male) |
| 6:05 | Research | Loom |
| 7:18 | Build | Barracks |
| 7:24 | Research | Feudal Age |
| 7:49 | Build | Lumber Camp |
| 7:58 | Build | House |
| 8:01 | Build | Palisade Wall |
| 8:05 | Create | Villager (Male) |
| 8:11 | Build | Palisade Wall |
| 8:25 | Build | House |
| 8:40 | Build | Palisade Wall |
| 8:42 | Build | Palisade Wall |
| 9:34 | Age | Feudal Age |
| 9:37 | Build | Archery Range |
| 9:41 | Research | Double-Bit Axe |
| 9:46 | Build | Blacksmith |
| 9:50 | Build | House |
| 10:06 | Build | Watch Tower |
| 10:20 | Create | Archer |
| 10:20 | Create | Archer |
| 10:25 | Build | Palisade Wall |
| 10:30 | Research | Fletching |
| 10:46 | Build | Mill |
| 10:55 | Create | Villager (Male) |
| 10:56 | Create | Villager (Male) |
| 11:15 | Build | Archery Range |
| 11:25 | Create | Archer |
| 11:50 | Create | Archer |
| 12:03 | Build | Farm |
| 12:45 | Create | Archer |
| 12:45 | Create | Archer |
| 12:58 | Create | Villager (Male) |
| 12:58 | Create | Villager (Male) |
| 13:00 | Build | Farm |
| 13:13 | Create | Archer |
| 13:13 | Create | Archer |
| 13:15 | Create | Spearman |
| 13:18 | Build | House |
| 13:22 | Build | Palisade Wall |
| 13:37 | Build | Farm |
| 13:38 | Create | Villager (Male) |
| 14:00 | Create | Villager (Male) |
| 14:03 | Create | Archer ×2 |
| 14:47 | Create | Archer ×3 |
| 14:48 | Create | Villager (Male) |
| 14:49 | Create | Villager (Male) |
| 14:51 | Build | Farm |
| 14:52 | Build | Farm |
| 14:57 | Build | Farm |
| 15:03 | Create | Skirmisher |
| 15:03 | Create | Skirmisher |
| 15:18 | Create | Archer |
| 15:22 | Create | Villager (Male) |
| 15:24 | Build | Farm |
| 15:31 | Build | House |
| 15:59 | Create | Villager (Male) |
| 15:59 | Create | Villager (Male) |
| 16:02 | Build | Farm |
| 16:04 | Create | Archer ×2 |
| 16:11 | Create | Spearman |
| 16:45 | Create | Archer ×2 |
| 16:48 | Create | Villager (Male) |
| 16:48 | Create | Villager (Male) |
| 16:50 | Build | Farm |
| 16:51 | Build | Farm |
| 16:54 | Create | Skirmisher |
| 16:54 | Create | Skirmisher |
| 17:01 | Build | Market |
| 17:12 | Create | Archer |
| 17:48 | Create | Villager (Male) |
| 17:48 | Create | Villager (Male) |
| 17:53 | Build | Farm |
| 17:54 | Build | Farm |
| 17:56 | Create | Archer ×2 |
| 18:28 | Create | Villager (Male) |
| 18:29 | Create | Villager (Male) |
| 18:32 | Create | Archer ×2 |
| 18:34 | Create | Villager (Male) |
| 18:34 | Create | Villager (Male) |
| 18:40 | Build | Farm |
| 18:55 | Create | Archer |
| 18:57 | Research | Padded Archer Armor |
| 19:37 | Create | Villager (Male) |
| 19:42 | Create | Archer |
| 19:43 | Create | Archer |
| 19:43 | Create | Archer |
| 19:50 | Build | House |
| 20:15 | Create | Villager (Male) |
| 20:15 | Create | Villager (Male) |
| 20:20 | Build | House |
Build order — pela-mela
110 actions detected in the replay
| 0:01 | Create | Villager (Male) |
| 0:01 | Create | Villager (Male) |
| 0:02 | Create | Villager (Male) |
| 0:02 | Build | House |
| 0:05 | Build | House |
| 0:36 | Create | Villager (Male) |
| 1:40 | Create | Villager (Male) |
| 1:44 | Build | Lumber Camp |
| 2:01 | Create | Villager (Male) |
| 2:07 | Create | Villager (Male) |
| 2:45 | Create | Villager (Male) |
| 2:55 | Build | House |
| 3:35 | Create | Villager (Male) |
| 3:49 | Build | House |
| 4:00 | Create | Villager (Male) |
| 4:17 | Create | Villager (Male) |
| 4:30 | Build | Mill |
| 4:56 | Create | Villager (Male) |
| 5:01 | Create | Villager (Male) |
| 5:34 | Create | Villager (Male) |
| 5:44 | Create | Villager (Male) |
| 6:17 | Create | Villager (Male) |
| 6:17 | Research | Loom |
| 7:22 | Research | Feudal Age |
| 7:58 | Build | House |
| 8:00 | Build | House |
| 8:05 | Create | Villager (Male) |
| 8:32 | Build | House |
| 8:45 | Build | Barracks |
| 9:02 | Create | Villager (Male) |
| 9:33 | Build | Palisade Wall |
| 9:37 | Age | Feudal Age |
| 9:44 | Build | Stable |
| 10:08 | Create | Villager (Male) |
| 10:13 | Research | Double-Bit Axe |
| 10:25 | Create | Scout Cavalry |
| 10:34 | Build | Palisade Wall |
| 10:42 | Create | Scout Cavalry |
| 10:45 | Create | Villager (Male) |
| 11:00 | Create | Scout Cavalry |
| 11:13 | Create | Villager (Male) |
| 11:24 | Create | Scout Cavalry |
| 11:28 | Create | Villager (Male) |
| 11:36 | Build | Farm |
| 11:36 | Build | Farm |
| 11:37 | Build | Farm |
| 11:37 | Build | Farm |
| 11:37 | Build | Farm |
| 11:47 | Create | Villager (Male) |
| 11:49 | Create | Scout Cavalry |
| 12:19 | Create | Scout Cavalry |
| 12:36 | Create | Villager (Male) |
| 12:39 | Build | House |
| 12:40 | Build | House |
| 12:41 | Build | House |
| 12:42 | Create | Villager (Male) |
| 12:46 | Research | Wheelbarrow |
| 12:49 | Build | Farm |
| 13:15 | Create | Scout Cavalry |
| 13:23 | Build | Mill |
| 13:43 | Create | Scout Cavalry |
| 13:50 | Build | Farm |
| 14:26 | Create | Scout Cavalry |
| 14:34 | Create | Scout Cavalry |
| 14:37 | Build | Archery Range |
| 14:56 | Create | Scout Cavalry |
| 15:01 | Build | House |
| 15:02 | Build | House |
| 15:06 | Create | Villager (Male) |
| 15:08 | Build | Farm |
| 15:18 | Create | Villager (Male) |
| 15:33 | Create | Scout Cavalry |
| 15:36 | Create | Skirmisher |
| 15:53 | Create | Villager (Male) |
| 16:08 | Create | Skirmisher |
| 16:44 | Create | Scout Cavalry |
| 16:46 | Create | Skirmisher |
| 16:53 | Build | Blacksmith |
| 16:58 | Create | Villager (Male) |
| 17:09 | Create | Skirmisher |
| 17:18 | Research | Horse Collar |
| 17:37 | Research | Fletching |
| 17:41 | Create | Scout Cavalry |
| 17:43 | Create | Skirmisher |
| 17:50 | Build | Farm |
| 18:28 | Create | Villager (Male) |
| 18:35 | Create | Skirmisher |
| 18:41 | Research | Padded Archer Armor |
| 18:42 | Create | Villager (Male) |
| 18:50 | Build | House |
| 18:52 | Build | House |
| 19:06 | Create | Skirmisher |
| 19:08 | Create | Villager (Male) |
| 19:10 | Create | Skirmisher |
| 19:14 | Build | Farm |
| 19:23 | Build | House |
| 19:29 | Build | Market |
| 19:39 | Build | House |
| 19:45 | Create | Skirmisher |
| 20:04 | Create | Skirmisher |
| 20:06 | Build | Farm |
| 20:12 | Build | Farm |
| 20:14 | Build | Farm |
| 20:16 | Create | Villager (Male) |
| 20:48 | Create | Villager (Male) |
| 20:50 | Create | Skirmisher |
| 21:09 | Create | Villager (Male) |
| 21:14 | Build | Farm |
| 21:14 | Build | Farm |
| 21:15 | Create | Villager (Male) |
Match timeline
| 3:04 | nanoushka · wall_segment Palisade Wall x9 |
| 5:55 | nanoushka · first_building Barracks |
| 6:50 | Confiturier · first_building Barracks |
| 7:05 | Makina · first_building Barracks |
| 7:18 | TartineMiamMiam · first_building Barracks |
| 8:00 | Makina · age_up feudal |
| 8:01 | TartineMiamMiam · wall_segment Palisade Wall x15 |
| 8:02 | Makina · first_building Stable |
| 8:11 | TartineMiamMiam · wall_segment Palisade Wall x1 |
| 8:16 | Don Patata Reloaded · first_building Barracks |
| 8:40 | TartineMiamMiam · wall_segment Palisade Wall x4 |
| 8:42 | TartineMiamMiam · wall_segment Palisade Wall x2 |
| 8:45 | pela-mela · first_building Barracks |
| 9:33 | pela-mela · wall_segment Palisade Wall x6 |
| 9:34 | TartineMiamMiam · age_up feudal |
| 9:37 | pela-mela · age_up feudal |
| 9:37 | Makina · wall_segment Palisade Wall x1 |
| 9:37 | TartineMiamMiam · first_building Archery Range |
| 9:40 | Don Patata Reloaded · age_up feudal |
| 9:44 | pela-mela · first_building Stable |
| 9:53 | Don Patata Reloaded · first_building Archery Range |
| 10:06 | Confiturier · age_up feudal |
| 10:19 | Confiturier · first_building Archery Range |
| 10:25 | TartineMiamMiam · wall_segment Palisade Wall x1 |
| 10:34 | pela-mela · wall_segment Palisade Wall x6 |
| 11:40 | Confiturier · wall_segment Palisade Wall x1 |
| 13:22 | TartineMiamMiam · wall_segment Palisade Wall x6 |
| 13:25 | nanoushka · wall_segment Palisade Wall x6 |
| 13:29 | nanoushka · wall_segment Palisade Wall x15 |
| 13:32 | nanoushka · wall_segment Palisade Wall x4 |
| 14:08 | nanoushka · age_up feudal |
| 14:37 | pela-mela · first_building Archery Range |
| 20:27 | Makina · age_up castle |
| 20:55 | Confiturier · resign |
[ AI ANALYSIS · 1 CREDIT ]
What really happened in this match?
Wolo.gg analyzes every decision: build order, eco, micro, common mistakes by bracket. Personalized analysis on WhatsApp or Discord in 30 seconds.
Civ guide
Vietnamese
Map guide
Arabia
Perfil
Jugador #17530735